 Dungeon Crawl Stone Soup version 0.23.2 (webtiles) character file.

Game seed: 2720306078367845011

30310 Fang the Fighter (level 13, -2/130 HPs)
             Began as a Gargoyle Berserker on Apr 4, 2019.
             Was a High Priest of Trog.
             Slain by a death yak (6 damage)
             ... on level 3 of the Lair of Beasts.
             The game lasted 00:22:03 (11564 turns).

Fang the Fighter (Gargoyle Berserker)              Turns: 11564, Time: 00:22:03

Health: -2/130     AC: 19    Str: 31    XL:     13   Next: 50%
Magic:  13/13      EV: 22    Int: 12    God:    Trog [*****.]
Gold:   804        SH:  0    Dex:  9    Spells: 12/12 levels left

rFire    . . .     SeeInvis .   p - +3 executioner's axe (freeze)
rCold    . . .     Gourm    .   (shield currently unavailable)
rNeg     + . .     Faith    .   C - +1 leather armour of the Accordion {Regen+ Int+4 Slay+2}
rPois    ∞         Spirit   .   o - +1 hat {MR+}
rElec    +         Reflect  .   (no cloak)
rCorr    +         Harm     .   x - +2 pair of gloves
MR       +....                  (no boots)
Stlth    ..........             (no amulet)
HPRegen  0.71/turn              f - +6 ring of evasion
MPRegen  0.13/turn              A - ring of resist corrosion

@: berserking (expiring), very quick
A: negative energy resistance 1, electricity resistance, unbreathing,
petrification resistance, rot immunity, AC +9
a: Berserk, Trog's Hand, Brothers in Arms, Renounce Religion


You were on level 3 of the Lair of Beasts.
You worshipped Trog.
Trog was extremely pleased with you.
You were very hungry.

You visited 3 branches of the dungeon, and saw 14 of its levels.
You visited the Abyss 1 time.
You also visited: Sewer and Gauntlet.

You collected 804 gold pieces.

Inventory:

Hand Weapons
 a - a +3 battleaxe
 l - a +4 hand axe of freezing
 p - a +3 executioner's axe of freezing (weapon)
 B - a +3 broad axe of draining
Armour
 b - a +2 plate armour
 o - a +1 hat of magic resistance (worn)
 x - a +2 pair of gloves (worn)
 C - the +1 leather armour of the Accordion (worn) {Regen+ Int+4 Slay+2}
   (You found it on level 1 of the Lair of Beasts)

   It affects your intelligence (+4).
   It affects your accuracy and damage with ranged weapons and melee attacks
   (+2).
   It increases your rate of regeneration.
Jewellery
 f - a +6 ring of evasion (left hand)
 A - a ring of resist corrosion (right hand)
Wands
 t - a wand of random effects (16)
 y - a wand of flame (96)
 D - a wand of paralysis (15)
 F - a wand of acid (15)
 J - a wand of iceblast (8)
Scrolls
 d - 5 scrolls of remove curse
 h - 3 scrolls of magic mapping
 j - 2 scrolls of teleportation
 k - a scroll of fear
 n - a scroll of blinking
Potions
 e - a potion of magic
 g - 8 potions of curing
 i - 2 potions of haste
 m - a potion of berserk rage
 q - a potion of resistance
 r - 2 potions of cancellation
 s - 5 potions of heal wounds
 u - 5 potions of might
 v - 2 potions of brilliance
 w - 2 potions of agility
 z - 4 potions of flight
 G - 2 potions of mutation
Comestibles
 c - 14 rations
 E - 5 chunks of flesh


   Skills:
 + Level 12.6 Fighting
 + Level 10.8 Axes
 + Level 12.4 Armour
 + Level 9.8 Dodging


You had 12 spell levels left.
You didn't know any spells.
Your spell library was empty.

Dungeon Overview and Level Annotations

Branches:
Dungeon (10/15)            Temple (1/1) D:5            Lair (3/6) D:10
  Swamp: Lair:2-4    Shoals: Lair:2-4     Snake: Lair:2-4    Spider: Lair:2-4
    Orc: D:9-12

Altars:
Ashenzari
Cheibriados
Elyvilon
Gozag
Hepliaklqana
Kikubaaqudgha
Makhleb
Nemelex Xobeh
Okawaru
Qazlal
Ru
Trog
Uskayaw
Vehumet
Wu Jian
Xom
Zin
The Shining One

Shops:
D:8 *

Annotations:
Lair:3 Sonja


Innate Abilities, Weirdness & Mutations

You are resistant to torment.
Your stone body is resilient. (AC +9)
You are immune to poison.
You resist negative energy. (rN+)
You are resistant to electric shocks. (rElec)
You can survive without breathing.
You are immune to petrification.
You are immune to rotting.


Message History

You feel yourself moving faster!
You feel mighty!
You are feeling very hungry.
The death yak gores you!
* * * LOW HITPOINT WARNING * * *
Some of the chunks of flesh in your inventory have rotted away.
You slash the death yak! You freeze the death yak.
The death yak is severely wounded.
The death yak closely misses you.
You chop the death yak into pieces!!! You freeze the death yak.
You kill the death yak!
Trog accepts your kill.
You slash the death yak! You freeze the death yak.
The death yak barely misses you.
Things that are here:
a death yak corpse x2
You feel a strong urge to attack something.
The death yak gores you!
* * * LOW HITPOINT WARNING * * *
The death yak gores you.
You die...

.......................
...PP...P....... ......
......P........) ...#.#
#....##......... .....##
.#.............. .......
..............## .......
#.............. ......#
##.....#......####t.....#
#...#..##..#..†@Y# #..#
..###.....####Y#.# ...#
.#. ...... #...## #..#
......##..#.###..#
#......###.....#
#......####....#
#......##.#....#
##.............#
#............##


You could see 2 death yaks and a crocodile.

Vanquished Creatures
  Gastronok (Lair:1)
  A minotaur (Gauntlet)
  A death ooze (Gauntlet)
  Harold (D:9)
  2 two-headed ogres
  2 death yaks (Lair:3)
  2 thrashing horrors (Abyss:2)
  2 wretched stars (Abyss:2)
  A spatial maelstrom (Abyss:2)
  A sixfirhy (Abyss:2)
  2 unseen horrors (D:10)
  A flayed ghost (Abyss:2)
  Pikel (D:6)
  A necromancer (Gauntlet)
  3 large abominations
  Maurice (D:8)
  2 smoke demons (Abyss:2)
  3 spiny frogs
  A rime drake (Lair:2)
  A komodo dragon (Lair:2)
  An efreet (Gauntlet)
  2 ancient zymes (Abyss:2)
  A meliai (shapeshifter) (Abyss:2)
  A hornet (D:9)
  A polar bear (Lair:2)
  2 raiju (Abyss:2)
  3 hippogriffs
  Prince Ribbit (D:8)
  A vampire (D:9)
  A wyvern (Lair:3)
  17 yaks
  A ynoxinul (Abyss:2)
  Grum (D:9)
  Eustachio (D:5)
  2 fire elementals (Gauntlet)
  A basilisk (Lair:3)
  A hungry ghost (D:10)
  Menkaure (D:7)
  4 vampire mosquitoes (D:10)
  5 water moccasins
  Duvessa (D:5)
  2 hell hounds (Gauntlet)
  4 porcupines
  6 sky beasts
  A black bear (D:6)
  A necrophage (D:7)
  2 orc warriors
  2 slaves (D:6)
  An ice beast (D:5)
  2 phantoms
  A small abomination (Abyss:2)
  8 wolves
  4 ogres
  6 centaurs
  4 crocodiles
  A big kobold (D:7)
  8 bullfrogs
  Dowan (D:5)
  12 killer bees
  3 wights (D:7)
  9 electric eels (D:10)
  3 howler monkeys (D:4)
  3 crimson imps
  3 bullfrog skeletons
  4 hounds
  7 orc wizards
  Crazy Yiuf (D:6)
  A centaur skeleton (D:8)
  5 orc priests
  6 jellies
  2 gnoll shamans
  6 iguanas
  Terence (D:2)
  6 worker ants
  2 hound zombies
  16 gnolls
  12 adders
  A shadow imp (D:7)
  A white imp (Abyss:2)
  An ufetubus (Abyss:2)
  4 oozes
  2 adder zombies
  2 adder skeletons
  10 worms
  A dart slug (D:2)
  5 leopard geckos
  26 orcs
  5 giant cockroaches
  13 hobgoblins
  5 jackals
  A quokka (D:4)
  5 ball pythons
  13 bats
  11 frilled lizards
  11 goblins
  22 kobolds
  A leopard gecko skeleton (D:4)
  13 rats
  5 plants
393 creatures vanquished.

Vanquished Creatures (collateral kills)
  A death yak (Lair:3)
  A wretched star (Abyss:2)
  A blink frog (Abyss:2)
  3 raiju (Abyss:2)
  A small abomination (Abyss:2)
7 creatures vanquished.

Vanquished Creatures (others)
  5 demonic plants (Gauntlet)
  A lurking horror (Abyss:2)
  A plant (D:10)
7 creatures vanquished.

Grand Total: 407 creatures vanquished

Notes
Turn   | Place    | Note
-------+----------+-------------------------------------------
     0 | D:1      | Fang the Gargoyle Berserker began the quest for the Orb.
     0 | D:1      | Reached XP level 1. HP: 14/14 MP: 1/1
    22 | D:1      | Reached XP level 2. HP: 6/19 MP: 2/2
   317 | D:1      | Reached ** piety under Trog
   326 | D:1      | Reached XP level 3. HP: 16/23 MP: 3/3
   919 | D:2      | Noticed Terence
   932 | D:2      | Killed Terence
   932 | D:2      | Reached XP level 4. HP: 17/29 MP: 4/4
  1232 | D:2      | Found an iron altar of Okawaru.
  1237 | D:2      | Reached *** piety under Trog
  1238 | D:2      | Found a radiant altar of Vehumet.
  1238 | D:2      | Found a sparkling altar of Nemelex Xobeh.
  1239 | D:2      | Found a snail-covered altar of Cheibriados.
  1667 | D:3      | Reached XP level 5. HP: 24/33 MP: 5/5
  2253 | D:4      | Reached XP level 6. HP: 27/39 MP: 6/6
  2463 | D:4      | Found a glowing drain.
  2478 | Sewer    | Entered a sewer
  2566 | Sewer    | Reached **** piety under Trog
  2892 | D:4      | Reached skill level 5 in Fighting
  2892 | D:4      | Reached XP level 7. HP: 44/44 MP: 7/7
  3260 | D:5      | Entered Level 5 of the Dungeon
  3274 | D:5      | Noticed Eustachio
  3323 | D:5      | Killed Eustachio
  3323 | D:5      | Reached skill level 5 in Armour
  3323 | D:5      | Reached XP level 8. HP: 43/51 MP: 8/8
  3411 | D:5      | Noticed Dowan
  3412 | D:5      | Noticed Duvessa
  3425 | D:5      | Killed Dowan
  3425 | D:5      | Reached skill level 5 in Axes
  3436 | D:5      | Killed Duvessa
  4083 | D:5      | Found a staircase to the Ecumenical Temple.
  4228 | Temple   | Entered the Ecumenical Temple
  4401 | D:5      | Noticed a moth of wrath
  4404 | D:5      | Found a bloodstained altar of Trog.
  4655 | D:6      | Noticed Pikel
  4668 | D:6      | Killed Pikel
  4668 | D:6      | Reached skill level 5 in Dodging
  4668 | D:6      | Reached XP level 9. HP: 57/57 MP: 9/9
  4851 | D:6      | Noticed a two-headed ogre
  4858 | D:6      | Killed a two-headed ogre
  5363 | D:6      | Found a runed translucent door.
  5364 | D:6      | Noticed Crazy Yiuf
  5373 | D:6      | Killed Crazy Yiuf
  5496 | D:7      | Reached XP level 10. HP: 64/64 MP: 10/10
  5520 | D:7      | Reached ***** piety under Trog
  5650 | D:7      | Noticed Menkaure
  5660 | D:7      | Killed Menkaure
  5932 | D:8      | Found an ancient bone altar of Kikubaaqudgha.
  5932 | D:8      | Noticed Prince Ribbit
  5935 | D:8      | Noticed Maurice
  5937 | D:8      | Killed Prince Ribbit
  5953 | D:8      | Killed Maurice
  5992 | D:8      | Found a glowing silver altar of Zin.
  5993 | D:8      | Found Zin's Purification Station.
  6335 | D:8      | Identified a scroll of acquirement
  6671 | D:9      | Noticed Harold
  6687 | D:9      | Found a white marble altar of Elyvilon.
  6691 | D:9      | Received a gift from Trog
  6698 | D:9      | Killed Harold
  6698 | D:9      | Reached XP level 11. HP: 70/71 MP: 11/11
  7112 | D:9      | Noticed Grum
  7140 | D:9      | Killed Grum
  7157 | D:9      | Found a hazy altar of Hepliaklqana.
  7157 | D:9      | Found a glowing golden altar of the Shining One.
  7249 | D:10     | Entered Level 10 of the Dungeon
  7252 | D:10     | Noticed a two-headed ogre
  7274 | D:10     | Killed a two-headed ogre
  7274 | D:10     | Reached skill level 10 in Fighting
  7507 | D:10     | Killed an unseen horror
  7507 | D:10     | Reached skill level 10 in Armour
  7570 | D:10     | Killed an unseen horror
  7934 | D:10     | Received a gift from Trog
  8187 | D:10     | Found a staircase to the Lair.
  8392 | Lair:1   | Entered Level 1 of the Lair of Beasts
  8461 | Lair:1   | Reached XP level 12. HP: 79/79 MP: 12/12
  8551 | Lair:1   | Noticed Gastronok
  8565 | Lair:1   | Killed Gastronok
  8577 | Lair:1   | Reached ****** piety under Trog
  9422 | Lair:1   | Got a bloodstained leather armour
  9433 | Lair:1   | Identified the +1 leather armour of the Accordion {Regen+
                  | Int+4 Slay+2} (You found it on level 1 of the Lair of
                  | Beasts)
  9458 | Lair:2   | Found a gate leading to a gauntlet.
  9505 | Gauntlet | Entered a Gauntlet
  9505 | Gauntlet | Found a transporter.
  9505 | Gauntlet | Found a transporter.
  9516 | Gauntlet | Found a transporter.
  9550 | Gauntlet | Found a transporter.
  9562 | Gauntlet | Noticed a death ooze
  9562 | Gauntlet | Found a transporter.
  9563 | Gauntlet | Found a transporter.
  9583 | Gauntlet | Killed a death ooze
  9642 | Gauntlet | Found a transporter.
  9728 | Gauntlet | Found a transporter.
  9736 | Gauntlet | Identified the +10 spear of Imminent Death {venom, rC+}
  9736 | Gauntlet | Noticed a minotaur
  9746 | Gauntlet | Killed a minotaur
  9747 | Gauntlet | Identified the Handbook of the Twisted Volcanoes
  9928 | Lair:2   | Reached skill level 10 in Axes
 10783 | Lair:3   | Noticed Sonja
 10793 | Lair:3   | Cast into level 2 of the Abyss (Sonja)
 10815 | Abyss:2  | Found a corrupted altar of Lugonu.
 10895 | Abyss:2  | Found a corrupted altar of Lugonu.
 10963 | Abyss:2  | Noticed a wretched star
 10983 | Abyss:2  | Killed a wretched star
 10983 | Abyss:2  | Reached XP level 13. HP: 48/68 MP: 10/10
 10984 | Abyss:2  | Received a gift from Trog
 11150 | Abyss:2  | Found a corrupted altar of Lugonu.
 11295 | Lair:3   | Escaped the Abyss
 11564 | Lair:3   | HP: 4/130 [death yak (13)]
 11564 | Lair:3   | Slain by a death yak

Skill      XL: |  1  2  3  4  5  6  7  8  9 10 11 12 13 |
---------------+----------------------------------------+-----
Axes           | 3 4 6 8 9 10 | 10.8
Dodging        | 2 3 5 7 8 9 |  9.8
Armour         | 3 4 5 6 7 9 10 11 12 | 12.4
Fighting       | 4 5 7 8 9 10 12 | 12.6

Action                   |  1- 3 |  4- 6 |  7- 9 | 10-12 | 13-15 || total
-------------------------+-------+-------+-------+-------+-------++-------
Melee: Hand axe          |   102 |   185 |   268 |   449 |       ||  1004
       Broad axe         |       |       |       |   241 |     8 ||   249
       Executioner's axe |       |       |       |       |    91 ||    91
Invok: Berserk           |     3 |       |     4 |     6 |     2 ||    15
       Brothers in Arms  |       |       |       |     1 |     2 ||     3
       Trog's Hand       |       |       |       |       |     1 ||     1
  Use: Scroll            |       |       |     9 |    28 |     1 ||    38
       Potion            |       |       |       |     1 |     3 ||     4
 Stab: Sleeping          |       |     1 |       |       |       ||     1
  Eat: Chunk             |     2 |     8 |    12 |    25 |     2 ||    49
       Ration            |       |       |       |       |     1 ||     1
Armor: Animal skin       |    52 |    11 |       |       |       ||    63
       Chain mail        |       |    46 |   115 |    13 |       ||   174
       Plate armour      |       |       |       |   338 |       ||   338
       Leather armour    |       |       |       |    51 |    63 ||   114
Dodge: Dodged            |   110 |   123 |   195 |   720 |   222 ||  1370
